 Dungeon Crawl Stone Soup version 0.31-a0-988-g08d55dae12 (webtiles) character file.

Game seed: 18073259733464290099

445 CrazyBamboolord the Trooper (level 7, -5/72 HPs)
             Began as an Ogre Gladiator on Nov 5, 2023.
             Slain by Menkaure (9 damage)
             ... on level 4 of the Dungeon.
             The game lasted 00:05:37 (3404 turns).

CrazyBamboolord the Trooper (Ogre Gladiator)        Turns: 3404, Time: 00:05:39

Health: -5/72      AC:  3    Str: 21    XL:     7   Next: 3%
Magic:  7/7        EV: 10    Int: 12    God:
Gold:   158        SH:  5    Dex: 10    Spells: 6/6 levels left

rFire   . . .        m - +6 hand axe of Cobwebs {flame, rC+ rCorr Int+3}
rCold   + . .        (no shield)
rNeg    . . .        b - +0 robe
rPois   .            c - +0 hat
rElec   .            (no cloak)
rCorr   +            (gloves unavailable)
SInv    .            (boots unavailable)
Will    .....        r - amulet of reflection
Stlth   +            (no ring)
HPRegen 0.32/turn    (no ring)
MPRegen 0.10/turn

%: reflection
@: no status effects
A: large, unfitting armour, tough skin 1
a: no special abilities


You were on level 4 of the Dungeon.
You visited 1 branch of the dungeon, and saw 4 of its levels.

You collected 158 gold pieces.

Inventory:

Hand Weapons
 a - a +2 trident
 m - the +6 hand axe of Cobwebs (weapon) {flame, rC+ rCorr Int+3}
   (You found it on level 2 of the Dungeon)

   Int+3:     It affects your intelligence (+3).
   rC+:       It protects you from cold.
   rCorr:     It protects you from acid and corrosion.
Missiles
 d - 2 throwing nets
 e - a large rock (quivered)
Armour
 b - a +0 robe (worn)
 c - a +0 hat (worn)
Jewellery
 j - a ring of fire
 r - an amulet of reflection (around neck)
Scrolls
 g - a scroll of fog
 i - a scroll of vulnerability
Potions
 h - 2 potions of might
 k - 2 potions of heal wounds
 l - 2 potions of brilliance {unknown}
 n - 2 potions of curing {unknown}
 o - 2 potions of haste
 q - 2 potions of magic {unknown}


   Skills:
 * Level 5.3 Fighting
 * Level 4.5 Polearms
 * Level 4.0 Throwing
 * Level 4.1 Dodging


You had 6 spell levels left.
You didn't know any spells.
Your spell library contained the following spells:

 Spells                   Type           Power      Damage    Failure   Level
 Anguish                  Hex/Necr       0%         N/A       97%         4
 Cause Fear               Hex            0%         N/A       97%         4
 Enfeeble                 Hex            0%         N/A       100%        7
 Malign Gateway           Summ/Tloc      0%         N/A       100%        7
 Summon Horrible Things   Summ           0%         N/A       100%        8


Dungeon Overview and Level Annotations

Branches:
Dungeon (4/15)
 Temple: D:4-7

Altars:
Dithmenos
Trog

Annotations:
D:4 Menkaure


Innate Abilities, Weirdness & Mutations

You are too large for most types of armour.
You have tough skin. (AC +1)


Message History

a +0 whip; a +0 robe You see here a +0 club.
Menkaure calls on the powers of darkness!
Your body is wracked with pain!
You see here a +0 club.
Menkaure points at you and mumbles some strange words.
Pain shoots through your body!
You see here a +0 club.
Menkaure calls on the powers of darkness!
The gnoll convulses!
Your body is wracked with pain!
* * * LOW HITPOINT WARNING * * *
Things that are here:
a +0 whip; a +0 robe Menkaure calls on the powers of darkness!
Your body is wracked with pain!
* * * LOW HITPOINT WARNING * * *
The gnoll convulses!
You feel much better.
Okay, then.
You hit Menkaure. You burn Menkaure.
Menkaure is lightly damaged.
Menkaure points at you and mumbles some strange words.
You struggle to resist.
You hit Menkaure. You burn Menkaure.
Menkaure is moderately damaged.
Menkaure misses you. Menkaure hits you but does no damage.
You hit Menkaure. You burn Menkaure.
Menkaure is heavily damaged.
You block Menkaure's attack.
You barely miss Menkaure.
Menkaure is heavily damaged.
Menkaure hits you!!
* * * LOW HITPOINT WARNING * * *
You hit Menkaure. You burn Menkaure.
Menkaure is severely damaged.
Menkaure casts a spell at you. Pain shoots through your body!
* * * LOW HITPOINT WARNING * * *
Menkaure hits you!
You die...

.≈.≈..§§.≈..#.#
.≈.≈≈§≈≈.≈§.#.#
.≈...§.g.≈.....
.≈≈≈≈.≈≈≈≈..#.#
............#.#
.>#.###.#.# #g#
#[#.## #. #M#
#..(.# #. #@#
#..#.# #. #)#
#....# #. #)#
#.#.## ##. #)#
#>#.# #####.. #.#
#.#.####......
#.###.............
#..(.............#
##################


You could see Menkaure (fast), a gnoll and a goblin.

Vanquished Creatures
  Grinder (D:3)
  An orc priest (D:3)
  A gnoll bouda (D:4)
  An orc wizard (D:3)
  4 gnolls
  6 adders
  A worm (D:2)
  3 dart slugs
  6 orcs
  4 ball pythons
  4 bats
  4 endoplasms
  2 giant cockroaches
  6 hobgoblins
  7 jackals (D:1)
  4 quokkas
  4 frilled lizards
  7 goblins
  5 kobolds
  3 rats
74 creatures vanquished.

Notes
Turn   | Place    | Note
-------+----------+-------------------------------------------
     0 | D:1      | CrazyBamboolord the Ogre Gladiator began the quest for the
                  | Orb.
     0 | D:1      | Reached XP level 1. HP: 22/22 MP: 1/1
    92 | D:1      | Reached skill level 3 in Fighting
    92 | D:1      | Reached XP level 2. HP: 31/31 MP: 2/2
   357 | D:1      | Reached XP level 3. HP: 19/37 MP: 3/3
   752 | D:2      | Identified the +6 hand axe of Cobwebs {flame, rC+ rCorr
                  | Int+3}
   907 | D:2      | Reached XP level 4. HP: 46/46 MP: 4/4
  1322 | D:3      | Found a bloodstained altar of Trog.
  1554 | D:3      | Reached skill level 4 in Fighting
  1868 | D:3      | Reached XP level 5. HP: 50/54 MP: 5/5
  2086 | D:3      | Noticed Grinder
  2320 | D:3      | Paralysed by Grinder for 5 turns
  2335 | D:3      | Paralysed by Grinder for 5 turns
  2343 | D:3      | Killed Grinder
  2344 | D:3      | Reached skill level 5 in Fighting
  2344 | D:3      | Reached XP level 6. HP: 48/66 MP: 6/6
  2747 | D:4      | Found a shadowy altar of Dithmenos.
  3022 | D:4      | Noticed Menkaure
  3169 | D:4      | Reached XP level 7. HP: 72/72 MP: 7/7
  3404 | D:4      | Slain by Menkaure

Illustrated notes

Levels and vault maps discovered:
D:1:      dpeg_arrival_shrine, layout_basic
D:2:      layout_rooms
D:3:      layout_basic, mainiacjoe_overflow_cross_hatched, uniq_grinder
D:4:      layout_loops_ring, mainiacjoe_overflow_concentric_impassable,
          nicolae_overflow_hidden_temple, uniq_menkaure, uniq_pikel

Skill      XL: |  1  2  3  4  5  6 |
---------------+-------------------+-----
Fighting       | 3 4 5 |  5.3
Dodging        | 3 4 |  4.1
Throwing       | 3 4 |  4.0
Polearms       | 4 |  4.5

Action                     |  1- 3 |  4- 6 |  7- 9 || total
---------------------------+-------+-------+-------++-------
  Melee: Trident           |    73 |       |       ||    73
         Hand axe          |    15 |   114 |     7 ||   136
  Throw: Throwing net      |       |     2 |       ||     2
         Large rock        |       |     1 |       ||     1
    Use: Scroll            |     3 |     6 |       ||     9
         Potion            |       |       |     1 ||     1
   Stab: Sleeping          |       |     2 |       ||     2
 Armour: Robe              |    57 |    87 |     4 ||   148
  Dodge: Dodged            |    55 |    48 |     2 ||   105
  Block: Other             |       |    10 |     1 ||    11

Table legend: (Time is in decaauts)
 A = Elapsed time spent in this place.
 B = Non-inter-level travel time spent in this place.
 C = Inter-level travel time spent in this place.
 D = Time resting spent in this place.
 E = Time spent auto-exploring this place.
 F = Levels seen in this place.
 G = Mean time per level.
                   A        B        C        D        E       F      G
               +--------+--------+--------+--------+--------+-----+--------+
         Total |   3441 |   3360 |     81 |    601 |   2101 |   4 |  860.2 |
       Dungeon |   3441 |   3360 |     81 |    601 |   2101 |   4 |  860.2 |
               +--------+--------+--------+--------+--------+-----+--------+

Top non-repeatable levels by time:
     D:3: 1580 daAuts
     D:1: 719 daAuts
     D:2: 616 daAuts
     D:4: 525 daAuts
